 Dungeon Crawl Stone Soup version 0.19-a0-1740-g0bcaf2e (webtiles) character file.

2803 4thArraOfDagon the Grappler (level 9, -3/79 (80) HPs)
             Began as a Troll Monk on Oct 2, 2016.
             Was a Priest of Fedhas.
             Slain by a wraith (8 damage)
             ... on level 8 of the Dungeon.
             The game lasted 00:06:28 (1464 turns).

4thArraOfDagon the Grappler (Troll Monk)            Turns: 1464, Time: 00:06:29

HP:   -3/79 (80)    AC:  5    Str: 21    XL:     9   Next: 44%
MP:   11/11         EV: 10    Int:  9    God:    Fedhas [***...]
Gold: 151           SH:  0    Dex:  7    Spells: 1 memorised, 6 levels left

rFire  . . .     SeeInvis .       - Unarmed
rCold  + . .     Gourm    +     j - +0 robe {rC+}
rNeg   . . .     Faith    .     (no shield)
rPois  +         Spirit   .     (helmet restricted)
rElec  .         Dismiss  .     (no cloak)
rCorr  .         Reflect  .     (gloves unavailable)
MR     .....     Harm     .     (boots unavailable)
Stlth  +.........               (no amulet)
                                q - -5 ring of dexterity (curse)
                                h - ring of poison resistance

@: very slightly contaminated, hasted, very quick
A: unfitting armour, claws 3, fast metabolism 3, gourmand, regeneration 1,
shaggy fur 1, tough skin 2
a: Evolution, Sunlight, Growth, Renounce Religion


You were on level 8 of the Dungeon.
You worshipped Fedhas.
Fedhas was most pleased with you.
You were not hungry.

You visited 1 branch of the dungeon, and saw 8 of its levels.

You collected 151 gold pieces.

Inventory:

Hand Weapons
 p - a +0 giant spiked club
Armour
 a - a +0 robe
 j - a +0 robe of cold resistance (worn)
Magical Staves
 n - an uncursed staff of air {unknown}
Jewellery
 h - a ring of poison resistance (left claw)
 q - a cursed -5 ring of dexterity (right claw)
Scrolls
 c - a scroll of identify
 d - 5 scrolls of remove curse
 e - a scroll of brand weapon {unknown}
 f - a scroll of fog {unknown}
 i - 2 scrolls of recharging
 m - a scroll of amnesia
Potions
 o - a potion of flight
Comestibles
 b - 4 bread rations
 g - a meat ration


   Skills:
 - Level 2.4 Fighting
 - Level 2.4 Dodging
 - Level 1.1 Stealth
 * Level 11.7 Unarmed Combat
 + Level 5.3 Invocations


You had 6 spell levels left.
You knew the following spells:

 Your Spells              Type           Power        Failure   Level  Hunger
a - Passwall              Tmut/Erth      #.........   65%         2    ###....


Dungeon Overview and Level Annotations

Branches:
Dungeon (8/15)
 Temple: D:4-7         Lair: D:8-11

Altars:
Cheibriados
Fedhas
Nemelex Xobeh
Sif Muna
Uskayaw

Annotations:
D:3 Sigmund
D:4 4thArraOfDagon's ghost, amateur TrWn
D:7 1 exclusion


Innate Abilities, Weirdness & Mutations

You are too large for most types of armour.
You have claws for hands.
Your metabolism is lightning-fast.
You like to eat raw meat.
Your natural rate of healing is unusually fast.
You are covered in fur. (AC +1)
You have very tough skin. (AC +2)


Message History

* * * LOW HITPOINT WARNING * * *
Your wandering mushroom closely misses the guardian serpent.
Unknown command.
Unknown command.
Okay, then.
Unknown command.
The guardian serpent hits your wandering mushroom! x2
Your wandering mushroom releases spores at the guardian serpent!
The guardian serpent is engulfed in a cloud of spores!
The guardian serpent appears confused.
Unknown command.
Unknown command.
Okay, then.
It was a potion of haste.
You feel yourself speed up. The wraith barely misses you.
You are very lightly contaminated with residual magic.
Unknown command.
You closely miss the wraith. The wraith hits you!
You die...
Fedhas appreciates your contribution to the ecosystem.

#. ##. #####.##.#
.........# # #
#......?###.##.
#.##..<.........<.
..............#
#$.......#...#
#.......W# #.#
#....S.f@# #
#.###.######.
#.#..........
#.#..........
#....#####.##
###..#.......
########..#.....
.........P#...
#####....#.#


You could see a guardian serpent (confused), a wraith and a friendly wandering
mushroom.

Vanquished Creatures
  A deep elf mage (D:8)
  An orc sorcerer (D:8)
  A hippogriff (D:8)
  2 phantoms
  An ice beast (D:6)
  A necrophage (D:6)
  4 ogres
  Blork the orc (D:4)
  A bullfrog (D:7)
  A big kobold (D:8)
  A scorpion (D:4)
  3 crimson imps
  A bullfrog zombie (D:8)
  A centaur zombie (D:5)
  3 hounds (D:8)
  A bullfrog skeleton (D:7)
  Natasha (D:3)
  An iguana (D:8)
  An orc wizard (D:3)
  A worker ant (D:8)
  A hound skeleton (D:8)
  A howler monkey skeleton (D:6)
  2 worker ant zombies
  2 adders
  7 orcs
  5 bats (D:1)
  A giant cockroach (D:1)
  2 hobgoblins
  3 jackals (D:5)
  2 quokkas
  A ball python (D:4)
  3 kobolds
  3 rats
61 creatures vanquished.

Vanquished Creatures (collateral kills)
  A hill giant (D:8)
  A wasp (D:8)
  A crimson imp (D:8)
3 creatures vanquished.

Vanquished Creatures (others)
  28 toadstools
28 creatures vanquished.

Grand Total: 92 creatures vanquished

Notes
Turn   | Place    | Note
-------+----------+-------------------------------------------
     0 | D:1      | 4thArraOfDagon the Troll Monk began the quest for the Orb.
     0 | D:1      | Reached XP level 1. HP: 22/22 MP: 0/0
   146 | D:1      | Reached XP level 2. HP: 26/29 MP: 1/1
   285 | D:3      | Noticed Natasha
   293 | D:3      | Killed Natasha
   293 | D:3      | Reached skill level 4 in Unarmed Combat
   293 | D:3      | Reached XP level 3. HP: 36/36 MP: 2/2
   339 | D:3      | Noticed Sigmund
   355 | D:3      | Reached XP level 4. HP: 29/44 MP: 3/3
   361 | D:3      | Found a faded altar of an unknown god.
   374 | D:3      | Became a worshipper of Fedhas Madash
   374 | D:3      | Reached * piety under Fedhas
   374 | D:3      | Reached ** piety under Fedhas
   376 | D:3      | dafak
   394 | D:4      | Noticed Blork the orc
   402 | D:4      | Killed Blork the orc
   402 | D:4      | Reached skill level 5 in Unarmed Combat
   402 | D:4      | Reached XP level 5. HP: 41/50 MP: 4/4
   432 | D:4      | Reached skill level 6 in Unarmed Combat
   461 | D:4      | Noticed an ogre
   468 | D:4      | Killed an ogre
   468 | D:4      | Reached XP level 6. HP: 41/59 MP: 5/5
   475 | D:4      | Noticed 4thArraOfDagon's ghost (amateur TrWn)
   490 | D:4      | jacquesderrida: dep efl
   498 | D:5      | Entered Level 5 of the Dungeon
   521 | D:5      | Reached skill level 7 in Unarmed Combat
   723 | D:6      | Reached skill level 8 in Unarmed Combat
   777 | D:6      | Reached XP level 7. HP: 45/65 MP: 6/6
   844 | D:7      | Noticed a hippogriff
   926 | D:7      | Found a deep blue altar of Sif Muna.
   930 | D:7      | Found a blossoming altar of Fedhas.
   931 | D:7      | Found a hide-covered altar of Uskayaw.
  1076 | D:7      | Reached skill level 9 in Unarmed Combat
  1077 | D:7      | Reached skill level 1 in Invocations
  1083 | D:7      | Reached *** piety under Fedhas
  1127 | D:6      | Found a snail-covered altar of Cheibriados.
  1197 | D:7      | Learned a level 2 spell: Passwall
  1255 | D:8      | Found a sparkling altar of Nemelex Xobeh.
  1280 | D:8      | Reached XP level 8. HP: 66/73 MP: 8/8
  1345 | D:8      | Noticed a hippogriff
  1352 | D:8      | Killed a hippogriff
  1352 | D:8      | Reached skill level 10 in Unarmed Combat
  1363 | D:8      | Noticed a hill giant
  1365 | D:8      | Noticed a deep elf mage
  1379 | D:8      | Killed a hill giant
  1400 | D:8      | Noticed an orc sorcerer
  1409 | D:8      | Killed a deep elf mage
  1409 | D:8      | Reached skill level 11 in Unarmed Combat
  1409 | D:8      | Reached XP level 9. HP: 21/79 MP: 11/11
  1416 | D:8      | Killed an orc sorcerer
  1416 | D:8      | Reached skill level 5 in Invocations
  1460 | D:8      | Noticed a guardian serpent
  1461 | D:8      | HP: 3/79 [guardian serpent (shapeshifter) (6)]
  1464 | D:8      | Slain by a wraith

Vault maps used:
D:1:      evilmike_arrival_crescent, nemelex_diamond_rough_becter
D:2:      first_bread, minmay_misc_feat_x, uniq_robin
D:3:      ecumenical_altar_1, uniq_natasha, uniq_sigmund
D:4:      elyvilon_altar_4, uniq_menkaure, uniq_blork_the_orc
D:5:      lemuel_ice_spiral_2, serial_shops, kennysheep_little_box
D:6:      basic_altar
D:7:      minitemple, kennysheep_small_square
D:8:      nemelex_xobeh_ov_fountains_minmay, grunt_pizzeria, abandoned_shop,
          minmay_the_grid_3x2

Skill      XL: |  1  2  3  4  5  6  7  8  9 |
---------------+----------------------------+-----
Unarmed Combat | 4 5 6 8 9 11 | 11.7
Invocations    | 2 4 5 |  5.3
Fighting       | |  2.4
Dodging        | |  2.4
Stealth        | |  1.1

Action                   |  1- 3 |  4- 6 |  7- 9 || total
-------------------------+-------+-------+-------++-------
Melee: Unarmed           |    61 |    70 |   109 ||   240
       Punch             |       |     1 |     2 ||     3
Invok: Evolution         |       |       |     1 ||     1
  Use: Scroll            |       |     3 |     2 ||     5
       Potion            |       |     1 |     4 ||     5
 Stab: Sleeping          |     3 |       |       ||     3
  Eat: Chunk             |       |     8 |     3 ||    11
       Pizza             |       |     1 |       ||     1
       Beef jerky        |       |       |     1 ||     1
Armor: Robe              |    28 |    22 |    20 ||    70
Dodge: Dodged            |    28 |    28 |    57 ||   113
